 Dungeon Crawl Stone Soup version 0.26-a0-812-g31a745ddcd (webtiles) character file.

Game seed: 4671850035791327377

54 Dracia the Conjurer (level 3, 0/26 HPs)
             Began as a Draconian Conjurer on Dec 9, 2020.
             Slain by Sigmund
             ... wielding a +0 scythe
              (1 damage)
             ... on level 3 of the Dungeon.
             The game lasted 00:02:50 (1959 turns).

Dracia the Conjurer (Draconian Conjurer)            Turns: 1959, Time: 00:02:50

Health: 0/26       AC:  5    Str:  7 (9)  XL:     3   Next: 66%
Magic:  1/7        EV: 11    Int: 16 (19) God:
Gold:   66         SH:  0    Dex:  6 (9)  Spells: 5/8 levels left

rFire    . . .     SeeInvis .   d - +0 dagger
rCold    . . .     Faith    .   (no shield)
rNeg     . . .     Spirit   .   (armour unavailable)
rPois    .         Reflect  .   (helmet restricted)
rElec    .         Harm     .   (no cloak)
rCorr    .         Rampage  .   (no gloves)
MR       .....                  (no boots)
Stlth    +.........             (no amulet)
HPRegen  0.08/turn              (no ring)
MPRegen  0.10/turn              (no ring)

@: brilliant, attractive, flying, very slightly contaminated, invisible
A: unfitting armour, cold-blooded, AC +5
a: no special abilities


You were on level 3 of the Dungeon.
You visited 1 branch of the dungeon, and saw 3 of its levels.

You collected 66 gold pieces.


Innate Abilities, Weirdness & Mutations

Your plain brown scales are hard. (AC +5)
You cannot fit into any form of body armour.
You are cold-blooded and may be slowed by cold attacks.


   Skills:
 - Level 1.7 Dodging
 - Level 1.7 Stealth
 + Level 3.0 Spellcasting
 + Level 4.7 Conjurations


You had 5 spell levels left.
You knew the following spells:

 Your Spells              Type           Power        Failure   Level
s - Searing Ray           Conj           ####..       4%          2
z - Magic Dart            Conj           ####         2%          1

Your spell library contained the following spells:

 Spells                   Type           Power        Failure   Level
 Dazzling Flash           Conj/Hex       ###...       22%         3
 Fulminant Prism          Conj/Hex       ###.......   56%         4
 Iskenderun's Mystic Bla  Conj/Tloc      ###.....     56%         4

Inventory:

Hand Weapons
 a - a +0 club
 d - a +0 dagger (weapon)
 f - a -2 dagger
Missiles
 k - 13 poisoned darts (quivered)
Scrolls
 b - 3 scrolls of magic mapping
 i - a scroll of identify {@r1@r1}
 j - 2 scrolls of noise {unknown}
Potions
 h - 2 potions of mutation

Dungeon Overview and Level Annotations

Branches:
Dungeon (3/15)

Altars:
Okawaru

Annotations:
D:3 Sigmund

*,* *,,,*,***,******,,,,** *,*
*,,,*..*#.# *,,,,**
***,********,,^*#B*#.# *,,,,**
*,,,,,,,,,,*,,,*#.##.# *,,,,**
*,,,,,,,,,,*,,,*#..#.# *,,,,*#
*,,,,,,,,,,******#.#.# ******#
,,,,,,,.,,,* #...# #
*,,,,,,....########..############
,,,,,,,.........@{...............
*,,,,,,...)########..########...#
*,,,,,,.,,,* ##..#........#_
*,,,,,,,,,,* #..#.#####...#
************ ##.#,#........
*.#,#.###.##. *..,*,* #.##.
*...*,* #.##. ***,,,*,**#.*#.


There were no monsters in sight!


Message History

Sigmund's hands start flickering wildly.
Sigmund gestures wildly while chanting.
Sigmund flickers and vanishes!
Deactivating autopickup; reactivate with Ctrl-A.
Your magical contamination has completely faded away.
You completely miss something. Something hits you!
* * * LOW HITPOINT WARNING * * *
Unknown command.
It was a potion of attraction.
You feel attractive to monsters.
It was a potion of degeneration.
There was something very wrong with that liquid.
You feel weakened.
You feel dopey.
You feel clumsy. Something completely misses you.
It was a potion of invisibility.
You fade into invisibility!
Something hits you.
* * * LOW HITPOINT WARNING * * *
You are very lightly contaminated with residual magic.
It was a potion of flight.
You feel very buoyant.
You fly up into the air.
It was a potion of brilliance.
You feel clever all of a sudden. Something hits you but does no damage.
You hit something but do no damage. Something hits you.
* * * LOW HITPOINT WARNING * * *
You hit something. You hit something. Something hits you.
You die...

Skill      XL: |  1  2  3 |
---------------+----------+-----
Spellcasting   | 3 |  3.0
Dodging        | |  1.7
Stealth        | |  1.7
Conjurations   | |  4.7

Action                   || total
-------------------------++-------
Melee: Club              ||     5
       Dagger            ||    64
       Tailslap          ||     6
 Cast: Magic Dart        ||    56
       Searing Ray       ||     3
  Use: Scroll            ||     4
       Potion            ||     5
Armor: Skin              ||    24
Dodge: Dodged            ||    85

Levels and vault maps discovered:
D:1:      heliophobic_arrival_ceremonial_halls, layout_rooms, serial_forest,
          infiniplex_forest_lined_corner, infiniplex_forest_clump_long,
          infiniplex_forest_lined_room_2, infiniplex_forest_pool,
          infiniplex_forest_clump_cross, infiniplex_forest_3_way,
          infiniplex_forest_corner_1, minmay_tromino_v2
D:2:      layout_rooms
D:3:      layout_basic, okawaru_metal_pillars_1_2,
          cheibrodos_sewer_entry_sluice, uniq_sigmund, uniq_natasha

Notes
Turn   | Place    | Note
-------+----------+-------------------------------------------
     0 | D:1      | Dracia the Draconian Conjurer began the quest for the Orb.
     0 | D:1      | Reached XP level 1. HP: 14/14 MP: 3/3
   157 | D:1      | Reached XP level 2. HP: 20/20 MP: 0/5
   679 | D:1      | Learned a level 2 spell: Searing Ray
  1158 | D:1      | Reached XP level 3. HP: 26/26 MP: 7/7
  1669 | D:2      | Reached skill level 3 in Spellcasting
  1906 | D:3      | Found an iron altar of Okawaru.
  1935 | D:3      | Noticed Sigmund
  1954 | D:3      | HP: 2/26 [something (1)]
  1959 | D:3      | Slain by Sigmund

Vanquished Creatures
  An adder zombie (D:2)
  A worm (D:2)
  3 dart slugs (D:1)
  5 giant cockroaches
  4 goblins
  5 hobgoblins
  4 jackals (D:1)
  4 bats
  3 frilled lizards
  5 kobolds
  7 rats
42 creatures vanquished.

Vanquished Creatures (others)
  2 plants (D:1)
2 creatures vanquished.

Grand Total: 44 creatures vanquished

Table legend: (Time is in decaauts)
 A = Elapsed time spent in this place.
 B = Non-inter-level travel time spent in this place.
 C = Inter-level travel time spent in this place.
 D = Time resting spent in this place.
 E = Time spent auto-exploring this place.
 F = Levels seen in this place.
 G = Mean time per level.
                   A        B        C        D        E       F      G
               +--------+--------+--------+--------+--------+-----+--------+
         Total |   1961 |   1920 |     41 |      0 |   1653 |   3 |  653.7 |
       Dungeon |   1961 |   1920 |     41 |      0 |   1653 |   3 |  653.7 |
               +--------+--------+--------+--------+--------+-----+--------+

Top non-repeatable levels by time:
     D:1: 1252 daAuts
     D:2: 650 daAuts
     D:3: 58 daAuts

Table legend:
 A = Non-vault XP
 B = Vault XP
 C = Vault XP percentage of total XP
 D = Non-vault monster count
 E = Vault monster count
 F = Vault count percentage of total count
                 A         B        C        D         E       F
            +---------+---------+-------+---------+---------+-------
      Total |      76 |       2 |   2.6 |      40 |       2 |   4.8
            +---------+---------+-------+---------+---------+-------
        D:1 |      40 |       2 |   4.8 |      21 |       2 |   8.7
        D:2 |      32 |       0 |   0.0 |      17 |       0 |   0.0
        D:3 |       4 |       0 |   0.0 |       2 |       0 |   0.0
            +---------+---------+-------+---------+---------+-------
